[Event "*** SCC Grand Prix: Titled Tuesday Blitz"]
[Site "Chess.com"]
[Date "2020.06.23"]
[Round "2"]
[White "Balla_Tamas"]
[Black "Kezin_Roman"]
[Result "0-1"]
[WhiteElo "2515"]
[BlackElo "2782"]
[TimeControl "180+1"]
[EndTime "10:17:46 PDT"]
[Termination "Kezin_Roman won by resignation"]

1. d4 d5 2. Bf4 c5 3. e3 Nc6 4. c3 Qb6 5. Qb3 c4 6. Qc2 e5 7. dxe5 Bf5 8. Qd2 O-O-O 9. Nf3 f6 10. exf6 Nxf6 11. Nd4 Ne4 12. Qc1 Nxd4 13. exd4 Bd6 14. Be3 Bc7 15. Nd2 Rde8 16. Be2 Nxf2 17. Kxf2 Rxe3 18.
Kxe3 Qh6+ 19. Kf2 Bf4 20. Nf3 Bxc1 21. Raxc1 Rf8 22. Rhe1 Be4 23. Kg1 g5 24. Ne5 Kc7 25. Bg4 Rf4 26. Rf1 Qb6 27. Rxf4 gxf4 28. b4 cxb3 29.
axb3 Qxb3 30. Bf3 Qb2 31. Rf1 a5 32. Bxe4 dxe4 33. Rxf4 Qc1+ 34. Rf1 Qxc3 35. h4 Qxd4+ 0-1

[Event "*** SCC Grand Prix: Titled Tuesday Blitz"]
[Site "Chess.com"]
[Date "2020.06.23"]
[Round "2"]
[White "Ranindu2003"]
[Black "emperor87"]
[Result "1-0"]
[WhiteElo "2505"]
[BlackElo "2709"]
[TimeControl "180+1"]
[EndTime "10:17:46 PDT"]
[Termination "Ranindu2003 won by resignation"]

1. e4 c5 2. Nf3 d6 3. d4 cxd4 4. Nxd4 Nf6 5. Nc3 a6 6. Be3 e5 7. Nb3 Be6 8. f3 Nbd7 9. Qd2 Be7 10. O-O-O O-O 11. g4 b5 12. a3 Nb6 13. g5 Nfd7 14.
Nd5 Bxd5 15. exd5 Nc4 16. Bxc4 bxc4 17. Na5 c3 18. Qxc3 Bxg5 19. Nc6 Bxe3+ 20. Qxe3 Qf6 21.
Rhg1 Kh8 22. Rg4 Rg8 23. Rdg1 Rae8 24. R1g3 Nf8 25. Ra4 Ng6 26. Rxa6 Nf4 27. Nb4 Qh6 28. Kb1 Qxh2 29. Qg1 Qd2 30. Rxd6 e4 31. fxe4 Rxe4 32. Ka2 Ne2 33. Rg2 Qf4 34. Qh2 Nc1+ 35. Kb1 Qe3 36.
Qg1 Qf4 37. Qh2 Qf1 38. Rg1 Qc4 39. Qg3 Qa2+ 40. Kxc1 h6 41. Rxh6+ 1-0

[Event "*** SCC Grand Prix: Titled Tuesday Blitz"]
[Site "Chess.com"]
[Date "2020.06.23"]
[Round "2"]
[White "IM_Tissir"]
[Black "LionTheLeon_06"]
[Result "0-1"]
[WhiteElo "2472"]
[BlackElo "2704"]
[TimeControl "180+1"]
[EndTime "10:17:47 PDT"]
[Termination "LionTheLeon_06 won by checkmate"]

1. e4 c5 2. Nc3 d6 3. Nf3 Nf6 4. d4 cxd4 5. Nxd4 a6 6. Bc4 e6 7. Bb3 b5 8. O-O Be7 9. Re1 O-O 10. Qf3 Qc7 11. Qg3 Bd7 12. Bh6 Ne8 13. Rad1 Nc6 14.
a3 Ne5 15. Bg5 Nf6 16. Qh3 Nc4 17. Bc1 Rac8 18. f4 Rfd8 19. f5 e5 20. Nf3 Bc6 21.
Nd5 Bxd5 22. exd5 Na5 23. Ng5 Nxb3 24. cxb3 Qc2 25. b4 Rc4 26. Rd2 Qb1 27. Rf2 Rxc1 28. Rff1 Rxe1 29. Rxe1 Qxe1# 0-1

[Event "*** SCC Grand Prix: Titled Tuesday Blitz"]
[Site "Chess.com"]
[Date "2020.06.23"]
[Round "2"]
[White "Ekka83"]
[Black "luizwas"]
[Result "1-0"]
[WhiteElo "2354"]
[BlackElo "1803"]
[TimeControl "180+1"]
[EndTime "10:17:47 PDT"]
[Termination "Ekka83 won by checkmate"]

1. e4 e6 2. d4 d5 3. Bd3 Nf6 4. e5 Nfd7 5. Ne2 c5 6. c3 Nc6 7. O-O Qb6 8. Bc2 Be7 9. a3 f6 10. Nf4 Nf8 11. Qh5+ Kd8 12. exf6 Bxf6 13. dxc5 Qxc5 14.
Be3 Qe7 15. Nd2 Bd7 16. Nb3 g6 17. Qf3 Ne5 18. Qe2 Rc8 19. Bd4 Nc6 20. Bc5 Qf7 21. Rad1 b6 22. Bd6 Be7 23. Bxe7+ Kxe7 24. Nxd5+ Kd8 25.
Ne3 Kc7 26. Nc4 Kb8 27. Nd6 Qe7 28. Nxc8 Kxc8 29. Nd4 Nxd4 30. Rxd4 e5 31. Rfd1 Qc5 32. Rc4 Qxc4 33. Qxc4+ Kb7 34. Be4+ Kb8 35. Qa6 Bc8 36. Rd8 Ne6 37. Qb7# 1-0

[Event "*** SCC Grand Prix: Titled Tuesday Blitz"]
[Site "Chess.com"]
[Date "2020.06.23"]
[Round "2"]
[White "Leonid_Starozhilov"]
[Black "TheNextLevelFan"]
[Result "1-0"]
[WhiteElo "2726"]
[BlackElo "2495"]
[TimeControl "180+1"]
[EndTime "10:17:48 PDT"]
[Termination "Leonid_Starozhilov won by resignation"]

1. e4 e5 2. Nf3 Nc6 3. Bc4 Bc5 4. d3 Nf6 5. Nc3 O-O 6. Be3 Bb6 7. a3 d6 8. h3 Be6 9. O-O Bxe3 10. fxe3 Bxc4 11.
dxc4 Ne7 12. c5 dxc5 13. Nxe5 Qd6 14. Qxd6 cxd6 15. Nc4 Rfd8 16. Rad1 d5 17. e5 dxc4 18. exf6 gxf6 19. Ne4 f5 20. Nxc5 b6 21. Nd7 Kg7 22.
Ne5 Kf6 23. Nxc4 Ke6 24. a4 Nd5 25. Rd4 Nb4 26. Na3 Nc6 27. Rh4 Rd2 28. Rh6+ Kd5 29.
Rxf5+ Ne5 30. Rxe5+ 1-0

[Event "*** SCC Grand Prix: Titled Tuesday Blitz"]
[Site "Chess.com"]
[Date "2020.06.23"]
[Round "2"]
[White "SharapovEvgeny"]
[Black "zurzan"]
[Result "1-0"]
[WhiteElo "2369"]
[BlackElo "1924"]
[TimeControl "180+1"]
[EndTime "10:17:48 PDT"]
[Termination "SharapovEvgeny won on time"]

1. e4 Nf6 2. Nc3 d5 3. exd5 Nxd5 4. Bc4 Nb6 5. Bb3 g6 6. Nf3 Bg7 7. d4 O-O 8. O-O c6 9. Re1 Bg4 10. Be3 N8d7 11. h3 Bxf3 12. Qxf3 e6 13. Ne4 h6 14. c3 Nd5 15. Bd2 N7f6 16. Nc5 b6 17. Nd3 Ne7 18. Rad1 Nf5 19. Qxc6 Rc8 20. Qf3 Nh4 21.
Qe2 Nd5 22. Qg4 Nf5 23. Nf4 Nxf4 24. Bxf4 h5 25. Qf3 Re8 26. Be5 Qd7 27. g4 Nd6 28.
gxh5 gxh5 29. Qxh5 Nf5 30. Bc2 Bxe5 31. Rxe5 f6 32. Ree1 Qh7 33. Qxh7+ Kxh7 34. Bxf5+ exf5 35. Rxe8 Rxe8 36. Kf1 Rg8 37. Re1 Rg7 38. d5 Rd7 39. Rd1 Kg6 40. c4 Rd6 41. f4 Kh5 42. Kg2 Kh4 43. b4 a6 44. c5 bxc5 45. bxc5 Rd8 46.
d6 Rg8+ 47. Kf2 Kxh3 48. d7 Rg2+ 49. Ke3 Kg3 50. d8=Q Rf2 51. Qg8+ 1-0

[Event "*** SCC Grand Prix: Titled Tuesday Blitz"]
[Site "Chess.com"]
[Date "2020.06.23"]
[Round "2"]
[White "Canairez"]
[Black "Supernotar"]
[Result "0-1"]
[WhiteElo "2342"]
[BlackElo "2790"]
[TimeControl "180+1"]
[EndTime "10:17:49 PDT"]
[Termination "Supernotar won on time"]

1. d4 d5 2. Nf3 Nf6 3. c4 dxc4 4. Nc3 a6 5. a4 Nc6 6. e3 Na5 7. Ne5 Be6 8. Be2 g6 9. O-O Bg7 10. e4 Nb3 11. Rb1 Nxd4 12. Bxc4 Bxc4 13. Nxc4 O-O 14. Be3 c5 15. a5 Nd7 16. Nd5 e6 17. Ndb6 Nxb6 18.
Nxb6 Rb8 19. Bf4 e5 20. Be3 Qe7 21. Qa4 Rbd8 22. h3 f5 23. f3 Qh4 24. Qc4+ Kh8 25.
Qxc5 fxe4 26. fxe4 Qxe4 27. Bg5 Rde8 28. Nd7 Rxf1+ 29.
Rxf1 Ne6 30. Qd6 Nxg5 31. Nf6 Qe3+ 32. Kh1 Rf8 33. Qe7 Ne4 34. Rf3 Qe1+ 35. Kh2 Nxf6 36. Rxf6 Rxf6 37. Qe8+ Rf8 0-1

[Event "*** SCC Grand Prix: Titled Tuesday Blitz"]
[Site "Chess.com"]
[Date "2020.06.23"]
[Round "2"]
[White "Korchmar_Vasiliy"]
[Black "wonderfultime"]
[Result "0-1"]
[WhiteElo "2601"]
[BlackElo "2968"]
[TimeControl "180+1"]
[EndTime "10:17:50 PDT"]
[Termination "wonderfultime won by resignation"]

1. d4 d5 2. c4 c6 3. Nf3 Nf6 4. g3 Bf5 5. Nc3 e6 6. Nh4 Bg4 7. Qb3 Qb6 8. c5 Qc7 9. Bf4 Qc8 10. h3 Bh5 11. g4 Bg6 12. Bg2 Nbd7 13. O-O Be7 14.
Nxg6 hxg6 15. Qc2 Bd8 16. Bd6 Bc7 17. Bxc7 Qxc7 18. f4 b6 19. b4 a5 20. a3 axb4 21. axb4 Rxa1 22. Rxa1 bxc5 23. Ra8+ Nb8 24. e3 Qb7 25.
Qa4 cxd4 26. exd4 O-O 27. Qa5 Qe7 28. Qc5 Qc7 29. Ra7 Qxf4 0-1

[Event "*** SCC Grand Prix: Titled Tuesday Blitz"]
[Site "Chess.com"]
[Date "2020.06.23"]
[Round "2"]
[White "MartinCerveny"]
[Black "Lector118"]
[Result "0-1"]
[WhiteElo "2664"]
[BlackElo "2455"]
[TimeControl "180+1"]
[EndTime "10:17:50 PDT"]
[Termination "Lector118 won by checkmate"]

1. d4 d5 2. c4 dxc4 3. Nf3 a6 4. a4 Nf6 5. e3 e6 6. Bxc4 c5 7. O-O Nc6 8. Qe2 cxd4 9. Rd1 Be7 10. exd4 O-O 11.
Nc3 Nb4 12. Bg5 Nbd5 13. Ne5 h6 14. Bd2 Bd7 15. Bb3 Rc8 16. Rac1 Be8 17. Nxd5 Nxd5 18. Rxc8 Qxc8 19. Bxd5 exd5 20. Ng6 fxg6 21. Qxe7 Bxa4 22.
Rc1 Bc6 23. Bb4 Re8 24. Qd6 Qf5 25. h3 Re2 26. Qg3 Rxb2 27. Bd6 a5 28. Rc3 a4 29.
Rf3 Qg5 30. Rf8+ Kh7 31. Qf3 Be8 32. Rxe8 Qf5 33. Qg3 Rb3 34. Qh4 a3 35. Qd8 g5 36.
Rh8+ Kg6 37. Bxa3 Rb1+ 38. Kh2 Qf4+ 39. g3 Qxf2# 0-1

[Event "*** SCC Grand Prix: Titled Tuesday Blitz"]
[Site "Chess.com"]
[Date "2020.06.23"]
[Round "2"]
[White "Bigfish1995"]
[Black "volcanoexplorer"]
[Result "1-0"]
[WhiteElo "3050"]
[BlackElo "2610"]
[TimeControl "180+1"]
[EndTime "10:17:51 PDT"]
[Termination "Bigfish1995 won by resignation"]

1. e4 e5 2. Nf3 Nc6 3. Bb5 a6 4. Ba4 Nf6 5. d3 b5 6. Bb3 Be7 7. a4 b4 8. c3 O-O 9. O-O bxc3 10. bxc3 d6 11. h3 h6 12. Nbd2 a5 13. Re1 Re8 14. d4 Bf8 15. Ba3 Ba6 16. Qc2 Rb8 17. Rad1 exd4 18.
cxd4 Nb4 19. Bxb4 Rxb4 20. e5 Nh7 21. Bxf7+ Kxf7 22. Qxh7 d5 23. e6+ Rxe6 24. Rxe6 Kxe6 25. Re1+ Kd6 26. Qg6+ Qf6 27. Qe8 Bb7 28. Ne5 Qe7 29.
Nf7+ 1-0

[Event "*** SCC Grand Prix: Titled Tuesday Blitz"]
[Site "Chess.com"]
[Date "2020.06.23"]
[Round "2"]
[White "Gahan-MG"]
[Black "Gabrielian_Artur"]
[Result "0-1"]
[WhiteElo "2507"]
[BlackElo "2762"]
[TimeControl "180+1"]
[EndTime "10:17:51 PDT"]
[Termination "Gabrielian_Artur won by resignation"]

1. e4 c5 2. c3 g6 3. d4 Bg7 4. Nf3 Qc7 5. d5 d6 6. Bd3 Bg4 7. h3 Bxf3 8. Qxf3 Nd7 9. Bc2 Ngf6 10. O-O O-O 11. Bg5 h6 12. Bf4 c4 13. Nd2 b5 14.
Qe2 Nc5 15. Rae1 Nfd7 16. Qe3 Kh7 17. g4 Ne5 18. Bxe5 dxe5 19. Kg2 Nb7 20. Rh1 Nd6 21. Nf1 a5 22. Ng3 b4 23. h4 Rab8 24. Ba4 bxc3 25.
bxc3 Rb2 26. Re2 Rfb8 27. Bc6 Qb6 28. Qf3 Rxe2 29. Qxe2 Qb2 30. Re1 Qxe2 31. Rxe2 Bf6 32. h5 Bg5 33. hxg6+ fxg6 34. Rc2 Rb1 35. Nf1 Nxe4 36.
Ne3 Nd6 37. Kf3 e4+ 38. Kg3 Kg7 39. Kg2 Kf6 40. Kg3 Rg1+ 41. Ng2 Ke5 42. Rb2 Bf4+ 0-1

[Event "*** SCC Grand Prix: Titled Tuesday Blitz"]
[Site "Chess.com"]
[Date "2020.06.23"]
[Round "2"]
[White "Infernal_XaM"]
[Black "CrushingKings"]
[Result "1-0"]
[WhiteElo "2806"]
[BlackElo "2530"]
[TimeControl "180+1"]
[EndTime "10:17:52 PDT"]
[Termination "Infernal_XaM won by resignation"]

1. d4 Nf6 2. c4 g6 3. Nc3 Bg7 4. e4 d6 5. f3 c6 6. Be3 a6 7.
Qd2 b5 8. h4 Nbd7 9. g4 h5 10. g5 Ng8 11. f4 Nb6 12. c5 dxc5 13. dxc5 Qxd2+ 14. Kxd2 Nd7 15. Kc2 f5 16. exf5 gxf5 17.
Bg2 Bb7 18. Nf3 O-O-O 19. Rhe1 e5 20. fxe5 Nxe5 21. Nxe5 Bxe5 22. Bh3 Rf8 23. Bf2 Bc7 24. Rad1 Rh7 25. Ne4 Re7 26. Nd6+ Bxd6 27. cxd6 Rxe1 28. Rxe1 Kd7 29. Bc5 Bc8 30. b4 Kd8 31. Kc3 Bd7 32.
Bg2 f4 33. Bf3 Rf7 34. Kd4 Rf8 35. Bxh5 f3 36. Rf1 Rf4+ 37. Ke5 Rxh4 38. Bxf3 a5 39. bxa5 Ra4 40. Rh1 Ke8 41. Bh5+ Kf8 42. Rf1+ Kg7 43.
Rf7+ 1-0

[Event "*** SCC Grand Prix: Titled Tuesday Blitz"]
[Site "Chess.com"]
[Date "2020.06.23"]
[Round "2"]
[White "sotochess"]
[Black "AlexOstrovskiy"]
[Result "0-1"]
[WhiteElo "2475"]
[BlackElo "2708"]
[TimeControl "180+1"]
[EndTime "10:17:52 PDT"]
[Termination "AlexOstrovskiy won by checkmate"]

1. e4 c6 2. d4 d5 3. f3 e6 4. Nc3 Qb6 5. Nge2 Nd7 6. a3 dxe4 7.
fxe4 e5 8. dxe5 Bc5 9. Ng3 Bf2+ 10. Ke2 Nxe5 11. Nf5 Bxf5 12. exf5 Rd8 13. Qxd8+ Kxd8 14. Ne4 Bh4 15. Bf4 Qxb2 16. Rd1+ Ke7 17. g3 Qxc2+ 18. Nd2 Bf6 19. Bg2 Nh6 20. Be4 Qa4 21. h3 Rd8 22. Bb1 Qxa3 23. g4 Rxd2+ 24. Kxd2 Qb2+ 25.
Ke3 Qg2 26. Rdf1 Nc4+ 27. Kd3 Nb2+ 28. Ke3 c5 29. Be4 Bd4# 0-1

[Event "*** SCC Grand Prix: Titled Tuesday Blitz"]
[Site "Chess.com"]
[Date "2020.06.23"]
[Round "2"]
[White "pastouche06"]
[Black "Boudicca64"]
[Result "1-0"]
[WhiteElo "2496"]
[BlackElo "1794"]
[TimeControl "180+1"]
[EndTime "10:17:52 PDT"]
[Termination "pastouche06 won on time"]

1. d4 g6 2. c4 Bg7 3. e4 c5 4. Ne2 cxd4 5. Nxd4 Nc6 6. Be3 Nf6 7. Nc3 Ng4 8. Qxg4 Nxd4 9. Qd1 e5 10. Bd3 O-O 11. O-O b6 12. Rc1 Bb7 13. b3 f5 14.
exf5 gxf5 15. f4 d5 16. cxd5 a6 17. a4 Rc8 18. Bc4 Kh8 19. fxe5 b5 20. Qxd4 bxc4 21.
bxc4 Qe7 22. Bf4 Rce8 23. Rfe1 Qh4 24. Rcd1 Re7 25. c5 Rfe8 26. c6 Bc8 27. d6 1-0

[Event "*** SCC Grand Prix: Titled Tuesday Blitz"]
[Site "Chess.com"]
[Date "2020.06.23"]
[Round "2"]
[White "Shankovskyi"]
[Black "Iljushin_Alexey"]
[Result "0-1"]
[WhiteElo "2476"]
[BlackElo "2714"]
[TimeControl "180+1"]
[EndTime "10:17:53 PDT"]
[Termination "Iljushin_Alexey won on time"]

1. e4 c6 2. d4 d5 3. e5 Bf5 4. Nf3 e6 5. Be2 Nd7 6. O-O Bg6 7. Nbd2 Nh6 8. a4 Nf5 9. Nb3 h5 10. a5 a6 11. Be3 h4 12. h3 Be7 13. Qd2 Bh5 14.
Rfe1 g6 15. Bg5 Bxf3 16. Bxe7 Qxe7 17. Bxf3 Kf8 18. Ra4 Rc8 19. Rb4 Rc7 20. Bg4 Nh6 21.
Bf3 Kg7 22. Qe3 Nf5 23. Qd2 c5 24. dxc5 Nxc5 25. Nxc5 Qxc5 26. c3 Qxa5 27. Qg5 Rd7 28. Qf6+ Kg8 29. Bg4 Ng7 30. Rd1 Qc7 31. b3 Rh7 32. c4 d4 33. c5 Ne8 34. Qf4 d3 35. Rd4 Re7 36. b4 Kg7 37. R1xd3 Rh8 38. Rd8 Rf8 39.
Ra8 a5 40. Rdd8 axb4 41. Qxb4 Qxe5 0-1

[Event "*** SCC Grand Prix: Titled Tuesday Blitz"]
[Site "Chess.com"]
[Date "2020.06.23"]
[Round "2"]
[White "Riptide27"]
[Black "cholzan"]
[Result "0-1"]
[WhiteElo "2557"]
[BlackElo "2329"]
[TimeControl "180+1"]
[EndTime "10:17:53 PDT"]
[Termination "cholzan won by resignation"]

1. c4 e5 2. Nc3 Nf6 3. Nf3 d6 4. d4 Nbd7 5. e4 Be7 6. Be2 O-O 7.
O-O c6 8. Re1 a6 9. Bf1 b5 10.
d5 cxd5 11. cxd5 Nb6 12. Nd2 Bd7 13. a3 Qb8 14. Nb3 Rc8 15. Na5 Ra7 16. Be3 Rac7 17.
f3 Nc4 18. Bxc4 bxc4 19. Re2 Nh5 20. Rc1 Nf4 21. Bxf4 exf4 22. Nc6 Qb6+ 23. Kh1 Bf6 24. e5 dxe5 25. Ne4 Bxc6 26. dxc6 Qxc6 27. Rec2 Be7 28.
Nd2 Qd5 29. Qe2 c3 30. bxc3 Bxa3 31. Ra1 Rxc3 32. Rxc3 Rxc3 33. Ne4 Rc1+ 34. Rxc1 Bxc1 35. h4 a5 36. Qa6 Ba3 37. Qc8+ Bf8 38. Nc3 Qc5 0-1

[Event "*** SCC Grand Prix: Titled Tuesday Blitz"]
[Site "Chess.com"]
[Date "2020.06.23"]
[Round "2"]
[White "Grieve72"]
[Black "Rap_woyska"]
[Result "0-1"]
[WhiteElo "2240"]
[BlackElo "2453"]
[TimeControl "180+1"]
[EndTime "10:17:53 PDT"]
[Termination "Rap_woyska won by resignation"]

1. e4 e6 2. d4 d5 3. Nd2 Be7 4. Ngf3 Nf6 5. e5 Nfd7 6. Bd3 c5 7. c3 Nc6 8. O-O a5 9. a4 cxd4 10. cxd4 Nb4 11. Bb1 b6 12. Re1 Ba6 13. Nf1 Rc8 14.
Ng3 b5 15. axb5 Bxb5 16. Nh5 Kf8 17. g3 a4 18. h4 Qc7 19. Bg5 Nc2 20. Bxe7+ Kxe7 21. Bxc2 Qxc2 22. Qxc2 Rxc2 23. Reb1 Rb8 24. b3 Be2 25.
Ne1 Rd2 26. Nf4 axb3 27. Nxe2 Rxe2 28. Kf1 Rd2 29. Nf3 Rc2 30. Ra3 b2 31. Ne1 Rc1 32.
Raa1 bxa1=Q 0-1

[Event "*** SCC Grand Prix: Titled Tuesday Blitz"]
[Site "Chess.com"]
[Date "2020.06.23"]
[Round "2"]
[White "kintoho"]
[Black "HouseOfDurin"]
[Result "1-0"]
[WhiteElo "2366"]
[BlackElo "1911"]
[TimeControl "180+1"]
[EndTime "10:17:56 PDT"]
[Termination "kintoho won by checkmate"]

1. e4 c5 2. c3 d5 3. exd5 Qxd5 4. d4 Nc6 5. Nf3 Bf5 6. Be3 cxd4 7. cxd4 e6 8. Nc3 Qa5 9. Bb5 Bb4 10. O-O Ne7 11.
Bxc6+ Nxc6 12. d5 Bxc3 13. dxc6 Bxb2 14. cxb7 Rb8 15. Qd6 Qd8 16. Qc6+ Qd7 17. Qxd7+ Kxd7 18. Rad1+ Ke7 19. Bc5+ Kf6 20. Rd7 Be4 21. Be7+ Kf5 22. Nh4+ Ke5 23. Re1 Bd4 24. Bd6+ Kd5 25. Bxb8+ Kc6 26.
Rc7+ Kb6 27. Rxe4 Bxf2+ 28. Kxf2 Rxb8 29. Rxf7 Rxb7 30. Rxe6+ Kc5 31. Rxb7 Kd5 32. Rxa7 g5 33. Rxh7 gxh4 34. Rxh4 Kxe6 35. Ke3 Kf5 36. Rh3 Kg5 37. Ke4 Kg4 38. Rg3+ Kh5 39. Kf5 Kh6 40. Rg5 Kh7 41.
Kf6 Kh6 42. g4 Kh7 43. Rh5+ Kg8 44. Rh6 Kf8 45. Rh8# 1-0

[Event "*** SCC Grand Prix: Titled Tuesday Blitz"]
[Site "Chess.com"]
[Date "2020.06.23"]
[Round "2"]
[White "tigra"]
[Black "Semetey"]
[Result "0-1"]
[WhiteElo "2775"]
[BlackElo "2536"]
[TimeControl "180+1"]
[EndTime "10:17:57 PDT"]
[Termination "Semetey won by resignation"]

1. e4 c5 2. Nf3 e6 3. b3 Nf6 4. Qe2 g6 5. Bb2 Bg7 6. Nc3 Nc6 7. e5 Ng4 8. Nb5 O-O 9. h3 Nh6 10. Nd6 Nf5 11. Nxf5 exf5 12. O-O-O Re8 13. Qc4 Qa5 14. Ng5 d5 15. exd6 Be6 16. Qh4 h6 17. Nxe6 Rxe6 18. Bc4 Qxa2 19. Bxg7 Kxg7 20. d4 Nb4 21. Bd3 Re2 0-1

[Event "*** SCC Grand Prix: Titled Tuesday Blitz"]
[Site "Chess.com"]
[Date "2020.06.23"]
[Round "2"]
[White "Gajuchess"]
[Black "PlayChessSimple"]
[Result "0-1"]
[WhiteElo "2761"]
[BlackElo "2529"]
[TimeControl "180+1"]
[EndTime "10:17:59 PDT"]
[Termination "PlayChessSimple won by resignation"]

1. Nf3 f5 2. c4 Nf6 3. Nc3 g6 4. d4 Bg7 5. g3 O-O 6. Bg2 e6 7. O-O d6 8. Qc2 Nc6 9. Rd1 Qe8 10. d5 Nb4 11. Qb3 Na6 12. Be3 e5 13. c5 Ng4 14.
cxd6 cxd6 15. Bd2 Nc5 16. Qa3 e4 17. Re1 e3 18. fxe3 Nxe3 19. Nb5 Nc2 20. Nxd6 Nxa3 21. Nxe8 Rxe8 22. bxa3 Bxa1 23. Rxa1 Rxe2 24. Bb4 Ne4 25. Rc1 a5 26. Be7 Bd7 27. Rc7 Rc8 28. Rxd7 Rc1+ 29.
Bf1 Rf2 30. Nd2 Rxd2 0-1

[Event "*** SCC Grand Prix: Titled Tuesday Blitz"]
[Site "Chess.com"]
[Date "2020.06.23"]
[Round "2"]
[White "Ashedu66"]
[Black "juniortay"]
[Result "0-1"]
[WhiteElo "2151"]
[BlackElo "2407"]
[TimeControl "180+1"]
[EndTime "10:17:59 PDT"]
[Termination "juniortay won on time"]

1. d4 d5 2. c4 e6 3. Nf3 c5 4. e3 Nc6 5. Nc3 Nf6 6. a3 a6 7. dxc5 Bxc5 8. b4 Ba7 9. cxd5 exd5 10. Be2 O-O 11. O-O d4 12. exd4 Nxd4 13. Nxd4 Bxd4 14. Bb2 Be6 15. Bf3 Qb6 16. Na4 Bxb2 17. Nxb2 Rfd8 18. Qe2 Rac8 19. Rac1 Qd4 20. Na4 Bc4 21. Rxc4 Qxc4 22. Qxc4 Rxc4 23. Bxb7 a5 24. Nb6 Rc7 25. Bf3 axb4 26.
axb4 Rb8 27. Nd5 Nxd5 28. Bxd5 Rxb4 29. Bf3 Rb2 30. g3 Rcc2 31. Kg2 g6 32. h4 h5 33. Be4 Rd2 34. Bf3 Kg7 35. Be4 f5 36. Bf3 Kf6 37. Bc6 Rbc2 38. Bf3 Rc3 39. Bb7 f4 40. Bf3 Rcc2 41. gxf4 Kf5 42. Bb7 Kxf4 43. Ba8 Kg4 44. Be4 Rb2 45. Bxg6 Kxh4 46. Bf5 Rb3 47. Be4 Kg5 0-1

[Event "*** SCC Grand Prix: Titled Tuesday Blitz"]
[Site "Chess.com"]
[Date "2020.06.23"]
[Round "2"]
[White "themind1hunter"]
[Black "EnergeticHay"]
[Result "1-0"]
[WhiteElo "2443"]
[BlackElo "2204"]
[TimeControl "180+1"]
[EndTime "10:18:00 PDT"]
[Termination "themind1hunter won by checkmate"]

1. e4 c5 2. Nf3 d6 3. d4 cxd4 4. Nxd4 Nf6 5. Nc3 a6 6. Be3 e6 7. f3 b5 8. Qd2 Nbd7 9. g4 h6 10.
O-O-O Qc7 11. h4 b4 12. Nce2 d5 13. Bh3 dxe4 14. g5 Nd5 15. Nf4 N7b6 16. Nxd5 Nxd5 17. g6 exf3 18. gxf7+ Qxf7 19. Rhf1 Bd6 20. Rxf3 Qg6 21. Rg1 Qe4 22. Rxg7 Nxe3 23. Rxe3 Qh1+ 24. Re1 Qxh3 25. Nc6 Qh2 26. Re7+ Kf8 27. Rf1+ Kg8 28. Re8+ Kg7 29. Qd4+ e5 30. Qxd6 Bf5 31. Qe7+ Kg6 32. Nxe5+ Kh5 33. Rxf5# 1-0

[Event "*** SCC Grand Prix: Titled Tuesday Blitz"]
[Site "Chess.com"]
[Date "2020.06.23"]
[Round "2"]
[White "m_ezat"]
[Black "Raja3401"]
[Result "1-0"]
[WhiteElo "2552"]
[BlackElo "2793"]
[TimeControl "180+1"]
[EndTime "10:18:01 PDT"]
[Termination "m_ezat won by resignation"]

1. d4 Nf6 2. c4 e6 3. Nc3 Bb4 4.
e3 O-O 5. a3 Bxc3+ 6. bxc3 d5 7. cxd5 exd5 8. Bd3 c5 9. f3 b6 10. Ne2 Ba6 11. O-O Qc8 12. Ng3 Bxd3 13. Qxd3 Qa6 14. Qd1 Qc4 15. Bb2 Re8 16. e4 Nc6 17. e5 Nd7 18. f4 Nf8 19. f5 Rac8 20. Nh5 Kh8 21. Rf3 cxd4 22. cxd4 Na5 23. Bc3 Qb3 24. Qd2 g6 25.
Bxa5 Qc2 26. Nf6 bxa5 27. Qxc2 1-0

[Event "*** SCC Grand Prix: Titled Tuesday Blitz"]
[Site "Chess.com"]
[Date "2020.06.23"]
[Round "2"]
[White "inegrepus"]
[Black "Harry_Rakkel"]
[Result "0-1"]
[WhiteElo "2237"]
[BlackElo "2566"]
[TimeControl "180+1"]
[EndTime "10:18:02 PDT"]
[Termination "Harry_Rakkel won by checkmate"]

1. d4 Nf6 2. c4 e6 3. g3 d5 4. Bg2 Bb4+ 5. Bd2 Be7 6. Nf3 O-O 7. O-O Nbd7 8. Qc2 c6 9. Bf4 Ne4 10. Nbd2 g5 11. Be3 Nd6 12. cxd5 exd5 13. Ne5 Nxe5 14. dxe5 Nf5 15. Bc5 Re8 16. e4 Bxc5 17. Qxc5 Qe7 18. Qxe7 Nxe7 19. f4 gxf4 20. gxf4 Kh8 21. exd5 cxd5 22.
Nb3 Nf5 23. Rfe1 Be6 24. Rad1 Rg8 25. Kf2 Rac8 26. Bxd5 Bxd5 27. Rxd5 Nh4 28. Nd4 Rg2+ 29. Ke3 Rxb2 30. Rd7 Ng2+ 31. Ke4 Nxe1 32. Rxf7 Rb4 33. Ke3 Ng2+ 34. Kf3 Rxd4 35. Kxg2 Rb4 36. e6 Rc3 37. e7 Rb2+ 38. Kf1 Rc1# 0-1

[Event "*** SCC Grand Prix: Titled Tuesday Blitz"]
[Site "Chess.com"]
[Date "2020.06.23"]
[Round "2"]
[White "Maghalashvili"]
[Black "argentum049"]
[Result "1-0"]
[WhiteElo "2788"]
[BlackElo "2430"]
[TimeControl "180+1"]
[EndTime "10:18:03 PDT"]
[Termination "Maghalashvili won by resignation"]

1. Nf3 d5 2. g3 Bg4 3. Bg2 Nd7 4.
d4 e6 5. h3 Bh5 6. O-O Ngf6 7.
c4 c6 8. cxd5 exd5 9. Qb3 Qb6 10.
Qe3+ Be7 11. Nh4 Bg6 12. Nc3 Qd8 13. Nxg6 hxg6 14. Qd3 O-O 15. Rb1 a5 16. a3 Qb6 17.
Re1 Rfe8 18. Bd2 Qb3 19. Nxd5 Qxd3 20. Nxe7+ Rxe7 21. exd3 Kf8 22. b4 a4 23. b5 Rxe1+ 24.
Rxe1 cxb5 25. Bb4+ Kg8 26. Bxb7 Rb8 27. Bc6 Nb6 28.
Bxb5 Nbd5 29. Bc4 Nxb4 30. axb4 Rxb4 31. Re7 Rb1+ 32. Kg2 Rc1 33. Ra7 Ra1 34. Bxf7+ Kf8 35. Bc4 a3 36. d5 Ke8 37. d6 Rb1 38. Be6 Rb8 39. Rxa3 Rd8 40. Ra6 1-0

[Event "*** SCC Grand Prix: Titled Tuesday Blitz"]
[Site "Chess.com"]
[Date "2020.06.23"]
[Round "2"]
[White "BJthechessgod"]
[Black "MateSchmate"]
[Result "0-1"]
[WhiteElo "2205"]
[BlackElo "2444"]
[TimeControl "180+1"]
[EndTime "10:18:03 PDT"]
[Termination "MateSchmate won by resignation"]

1. e4 e6 2. d4 d5 3. Nc3 Bb4 4. e5 c5 5. a3 Bxc3+ 6. bxc3 Qc7 7. Ne2 Nc6 8. a4 Nge7 9. Ba3 b6 10.
g3 Na5 11. Bg2 Bd7 12. O-O h5 13. h4 Nc4 14. Bc1 Nf5 15. Nf4 O-O-O 16. Nxh5 cxd4 17. cxd4 Nxd4 18. Qxd4 Rxh5 19. f4 g6 20. Bf3 Rhh8 21.
Be2 Kb7 22. Bxc4 Qxc4 23. Qxc4 dxc4 24. Rd1 Bc6 25. Bd2 Bf3 26. Rf1 Rxd2 27. Rxf3 Rxc2 28. Rd1 Kc7 29. Rf2 Rxf2 30. Kxf2 a6 31. Ke3 Kc6 32. Rd6+ Kc5 33. Rd7 Rf8 34. Rc7+ Kb4 35. Rb7 b5 36. axb5 axb5 37. Kd2 Ra8 38. g4 Ra2+ 39. Kd1 c3 40. h5 gxh5 41. gxh5 Rh2 42. Rxf7 c2+ 43. Kc1 Kb3 44. Rc7 Rh1+ 45. Kd2 Rd1+ 46. Ke2 c1=Q 47. Rxc1 Rxc1 48. Kf3 Kc3 49. Kg4 b4 50. f5 b3 51. fxe6 Rg1+ 52. Kf5 Rg8 53. Kf6 b2 54. Kf7 Ra8 55. e7 b1=Q 56. e8=Q Qh7+ 57. Kf6 Rxe8 58.
e6 Qxh5 59. Kg7 Rxe6 60. Kf8 Qf5+ 61. Kg7 Rg6+ 0-1

[Event "*** SCC Grand Prix: Titled Tuesday Blitz"]
[Site "Chess.com"]
[Date "2020.06.23"]
[Round "2"]
[White "djano"]
[Black "NodariousBIG"]
[Result "1-0"]
[WhiteElo "2446"]
[BlackElo "2667"]
[TimeControl "180+1"]
[EndTime "10:18:04 PDT"]
[Termination "djano won by checkmate"]

1. d4 d5 2. Nf3 Nf6 3. Bf4 e6 4. e3 c5 5. Nbd2 Nc6 6. c3 Bd6 7. Ne5 Qc7 8. Bb5 O-O 9. Bxc6 bxc6 10. O-O Rb8 11. Qc2 Ba6 12. Rfe1 cxd4 13. cxd4 c5 14. b3 Rfc8 15. Rac1 Qa5 16. Nec4 dxc4 17. Bxd6 cxd4 18. Bxb8 c3 19. exd4 Rxb8 20. Qxc3 Qd5 21. Qc7 Rd8 22. Nf3 h6 23. Rc5 Qa8 24. Rec1 Bb7 25. Qf4 Be4 26.
Rc7 Bg6 27. Qh4 a5 28. h3 a4 29. Ne5 Be4 30. Nxf7 Rf8 31. Nxh6+ gxh6 32. Qg3+ Ng4 33. Qxg4+ Bg6 34. Qxg6+ Kh8 35. Qg7# 1-0